 Dungeon Crawl Stone Soup version 0.18.1-8-gdd0e5ea (webtiles) character file.

70 Scarto the Skirmisher (level 4, -6/35 HPs)
             Began as a Demonspawn Fighter on June 6, 2016.
             Mangled by an orc wizard
             ... wielding a +2 dagger of electrocution
              (20 damage)
             ... on level 3 of the Dungeon.
             The game lasted 00:02:51 (1641 turns).

Scarto the Skirmisher (Demonspawn Fighter)          Turns: 1641, Time: 00:02:51

Health: -6/35      AC:  6    Str: 22    XL:     4   Next: 3%
Magic:  4/4        EV:  5    Int:  9    God:
Gold:   145        SH: 14    Dex: 13    Spells: 0 memorised, 3 levels left

rFire  . . .     SeeInvis .     a - +0 war axe
rCold  . . .     Gourm    .     b - +0 scale mail
rNeg   . . .     Faith    .     e - +0 large shield
rPois  .         Spirit   .     (no helmet)
rElec  .         Dismiss  .     (no cloak)
rCorr  .         Reflect  .     (no gloves)
SustAt .         Harm     .     (no boots)
MR     .....                    (no amulet)
Stlth  ..........               (no ring)
                                (no ring)

@: mighty, not resistant to hostile enchantments, extremely unstealthy
A: claws 1
a: no special abilities


You were on level 3 of the Dungeon.
You were not hungry.

You visited 1 branch of the dungeon, and saw 3 of its levels.

You collected 145 gold pieces.

Inventory:

Hand Weapons
 a - a +0 war axe (weapon)
Armour
 b - a +0 scale mail (worn)
 c - a +0 shield
 e - a +0 large shield (worn)
Jewellery
 j - an uncursed ring of positive energy {unknown}
Scrolls
 i - 4 scrolls of identify {unknown}
 k - a scroll of random uselessness {unknown}
 m - a scroll of enchant armour {unknown}
 n - a scroll of remove curse {unknown}
 o - a scroll of recharging {unknown}
Potions
 f - 2 potions of flight {unknown}
 g - a potion of curing {unknown}
 h - a potion of experience {unknown}
 q - a potion of agility {unknown}
Books
 l - a book of Geomancy

   Spells                             Type                      Level
   a - Sandblast                      Earth                        1
   b - Passwall                       Transmutation/Earth          2
   c - Stone Arrow                    Conjuration/Earth            3
   d - Petrify                        Transmutation/Earth          4
   e - Lee's Rapid Deconstruction     Earth                        5
Comestibles
 p - a chunk of flesh


   Skills:
 + Level 3.5 Fighting
 + Level 2.9 Axes
 + Level 3.1 Armour
 + Level 2.9 Shields


You had 3 spell levels left.
You didn't know any spells.

Dungeon Overview and Level Annotations

Branches:
Dungeon (3/15)

Altars:
Ashenzari
Dithmenos
Elyvilon
Okawaru
Qazlal
Xom
Yredelemnul
Zin


Innate Abilities, Weirdness & Mutations

You have sharp fingernails.


Message History

The orc is lightly wounded.
You block the bat's attack. x2; The bat hits you but does no damage.
The orc wizard barely misses you. You block the orc warrior's attack.
The orc hits you with a hand axe.
The orc wizard gestures wildly while chanting.
The orc wizard seems to speed up.
The bat barely misses you.
You closely miss the orc wizard.
The orc wizard is moderately wounded.
You closely miss the orc.
The orc is lightly wounded.
You closely miss the bat. You slash the orc warrior!
The orc warrior is heavily wounded.
The bat hits you but does no damage.
The orc wizard hits you but does no damage.
You block the orc warrior's attack. You block the orc's attack.
The orc wizard cheers loudly.
The orc wizard hits you but does no damage.
You are electrocuted!
Ouch! That really hurt!
You die...

#.......#†#
#.....#####
##.........#
##.......##.#
#....<....#.
#............
#....[....#.#
###..........#
#..b$@o..#####
#.#.oo_...#
#.#._..._.#
#..........#
#.._..8.._.#
##.........#
##._..._.##
#..._...#


You could see an orc warrior, an orc wizard, an orc and a bat.

Vanquished Creatures
  An adder (D:2)
  An ooze (D:1)
  A worm (D:2)
  3 giant geckos
  An orc (D:3)
  3 ball pythons (D:1)
  5 bats
  3 giant cockroaches
  4 goblins
  6 hobgoblins
  4 jackals (D:1)
  5 kobolds
  2 quokkas (D:2)
  A giant newt (D:1)
  6 rats
46 creatures vanquished.

Notes
Turn   | Place    | Note
--------------------------------------------------------------
     0 | D:1      | Scarto the Demonspawn Fighter began the quest for the Orb.
     0 | D:1      | Reached XP level 1. HP: 18/18 MP: 1/1
   148 | D:1      | Gained mutation: You have sharp fingernails. [demonic ancestry]
   148 | D:1      | Reached XP level 2. HP: 16/24 MP: 2/2
   557 | D:1      | Reached XP level 3. HP: 24/29 MP: 3/3
  1397 | D:3      | Found a shimmering altar of Xom.
  1397 | D:3      | Found a glowing silver altar of Zin.
  1397 | D:3      | Found an iron altar of Okawaru.
  1621 | D:3      | Reached XP level 4. HP: 24/35 MP: 4/4
  1631 | D:3      | Found a white marble altar of Elyvilon.
  1631 | D:3      | Found a basalt altar of Yredelemnul.
  1633 | D:3      | Found a stormy altar of Qazlal.
  1633 | D:3      | Found a shattered altar of Ashenzari.
  1633 | D:3      | Noticed an orc warrior
  1635 | D:3      | Found a shadowy altar of Dithmenos.
  1641 | D:3      | Mangled by an orc wizard

Skill      XL: |  1  2  3 |
---------------+----------+-----
Axes           | 2 |  2.9
Armour         | 3 |  3.1
Fighting       | |  3.5
Shields        | |  2.9

Action                   |  1- 3 |  4- 6 || total
-------------------------+-------+-------++-------
Melee: War axe           |   140 |     6 ||   146
  Use: Potion            |       |     1 ||     1
  Eat: Bread ration      |     1 |       ||     1
Armor: Scale mail        |    66 |     9 ||    75
Dodge: Dodged            |    26 |     5 ||    31
Block: Large shield      |   118 |    10 ||   128
